Cogmind - Beta 13 @@@ ROGUE MODE // 2024.05.18 @ 09:56:50 Player: Sunvar Result: Self-destructed Performance ------------- Evolutions (0) 0 Regions Visited (4) 800 Robots Destroyed (31) 155 Value Destroyed (584) 584 Prototype IDs (0) 0 Alien Tech Used (0) 0 Bonus (0) 0 TOTAL SCORE: 1539 Bonus ------- None Cogmind --------- Core Integrity 70/250 Matter 248/300 Energy 150/150 System Corruption 0% Temperature Warning (300) Movement Rolling (130) Ox2 Location -9/Mines Parts ------- > --- POWER (1) -------- Light Angular Momentum Engine > --- PROPULSION (2) --- Light Treads Compact Wheel > --- UTILITY (2) ------ Large Storage Unit Light Armor Plating > --- WEAPON (2) ------- Heavy Particle Cannon Flak Cannon > --- INVENTORY (15) --- Improved Ion Engine Improved Heat Sink Compact Matter Pod (150) Improved Signal Interpreter Light Armor Plating Light Armor Plating Beam Cannon Assault Rifle Light Cannon Plasma Cutter Axe Heavy Explosive Trap Heavy Explosive Trap Heavy Explosive Trap Peak State ------------ > --- POWER ------------ Light Angular Momentum Engine > --- PROPULSION ------- Light Treads Light Treads > --- UTILITY ---------- Large Storage Unit Light Armor Plating > --- WEAPON ----------- Heavy Particle Cannon Flak Cannon > --- INVENTORY -------- Improved Ion Engine Compact Wheel Compact Matter Pod Improved Signal Interpreter Light Armor Plating Light Armor Plating Bomb Drone Bay Beam Cannon Assault Rifle Light Cannon Plasma Cutter Axe Heavy Explosive Trap Heavy Explosive Trap [Rating: 18] Favorites ----------- Power Light Angular Momentum Engine Engine Light Angular Momentum Engine Propulsion Light Treads Treads Light Treads Leg Aluminum Leg Wheel Compact Wheel Utility Light Armor Plating Storage Large Storage Unit Protection Light Armor Plating Weapon Flak Cannon Energy Cannon Heavy Particle Cannon Ballistic Gun Assault Rifle Ballistic Cannon Flak Cannon Build | -11 -10 -10 -10 -9 ------- Run | Yrd Mat Min Exi Min Slots Evolved . | . . . . . Power . | . . . . . Propulsion . | . . . . . Utility . | . . . . . Weapon . | . . . . . Parts Attached 31 | 7 19 4 . 1 Power 4 | 1 2 1 . . Engine 4 | 1 2 1 . . Core . | . . . . . Reactor . | . . . . . Propulsion 12 | 3 8 . . 1 Treads 3 | 1 2 . . . Leg 8 | 2 6 . . . Wheel 1 | . . . . 1 Hover . | . . . . . Flight . | . . . . . Utility 7 | 1 5 1 . . Device . | . . . . . Storage 3 | 1 2 . . . Processor . | . . . . . Hackware . | . . . . . Protection 4 | . 3 1 . . Artifact . | . . . . . Weapon 8 | 2 4 2 . . Energy Gun . | . . . . . Energy Cannon 2 | . 1 1 . . Ballistic Gun 5 | 2 3 . . . Ballistic Cannon 1 | . . 1 . . Launcher . | . . . . . Special Weapon . | . . . . . Impact Weapon . | . . . . . Slashing Weapon . | . . . . . Piercing Weapon . | . . . . . Special Melee Weapon . | . . . . . Unidentified Prototypes . | . . . . . Parts Lost 1 | . 1 . . . Power 1 | . 1 . . . Propulsion . | . . . . . Utility . | . . . . . Weapon . | . . . . . Highest Loss Streak 1 | . 1 . . . To Critical Strikes . | . . . . . Average Slot Usage (%) 99 | . 98 100 100 100 Engine 14 | . 14 14 14 14 Treads 21 | . 6 28 28 24 Leg 6 | . 21 . . . Storage 14 | . 14 14 14 14 Protection 13 | . 13 14 14 14 Energy Cannon 11 | . 7 14 14 14 Ballistic Gun 7 | . 20 2 . . Ballistic Cannon 8 | . . 11 14 14 Naked Turns . | . . . . . Heaviest Build 44 | 11 35 44 44 44 Greatest Support 40 | 20 40 40 40 40 Greatest Overweight (x) 2 | . 1 1 1 2 Average Overweight (x) . | . . . 1 1 Largest Inventory Capacity 15 | 8 15 15 15 15 Average Capacity 13 | 7 10 15 15 15 Most Carried 15 | 6 12 15 15 15 Average Carried 13 | 4 9 14 15 14 Final Capacity 15 | 8 15 15 15 15 Final Carried 15 | 6 12 15 15 14 Class Distribution -------------------- 100% | Mutant Dominant Class ---------------- Mutant | -10/Materials Mutant | -10/Mines Mutant | -10/Exiles Mutant | -9/Mines Resources | -11 -10 -10 -10 -9 ----------- Run | Yrd Mat Min Exi Min Matter Collected 873 | 195 482 196 . . Remotely . | . . . . . Salvage Created 1052 | . 499 527 . 26 Parts 60 | . 33 25 . 2 Haulers Intercepted 2 | . 2 . . . Recyclers Shooed 1 | . . 1 . . Parts Field Recycled . | . . . . . Retrieved Matter . | . . . . . Parts Self-Destructed . | . . . . . Prevented . | . . . . . Kills | -11 -10 -10 -10 -9 ------- Run | Yrd Mat Min Exi Min Combat Hostiles Destroyed 18 | . 11 6 . 1 Guns 10 | . 9 1 . . Cannons 8 | . 2 5 . 1 Classes Destroyed 9 | . 7 2 . . Worker 1 | . 1 . . . Builder 1 | . . 1 . . Tunneler 1 | . 1 . . . Hauler 2 | . 2 . . . Recycler 5 | . . 5 . . Operator 2 | . 2 . . . Watcher 1 | . 1 . . . Swarmer 8 | . 6 2 . . Grunt 10 | . 5 4 . 1 Best Kill Streak 5 | . 5 2 . 1 Combat Bots Only 5 | . 5 2 . 1 Max Kills in Single Turn 2 | . 2 1 . 1 Gunslinging . | . . . . . Exploded . | . . . . . Melee . | . . . . . Uniques/NPCs Destroyed . | . . . . . Combat | -11 -10 -10 -10 -9 -------- Run | Yrd Mat Min Exi Min Hostile Shots Fired 100 | . 59 23 . 18 Missed 26 | . 18 5 . 3 Damage Taken 904 | . 469 207 . 228 Core 180 | . 83 37 . 60 Absorbed by Shields . | . . . . . Core Remaining (%) 100 | 100 . . . . Volleys Fired 89 | 7 52 23 . 7 Largest 2 | 2 2 2 . 2 Hottest 119 | 40 80 119 . 119 Shots Fired 178 | 14 104 46 . 14 Gun 107 | 14 90 3 . . Cannon 71 | . 14 43 . 14 Launcher . | . . . . . Special . | . . . . . Kinetic 134 | 14 90 23 . 7 Thermal 44 | . 14 23 . 7 Explosive . | . . . . . Electromagnetic . | . . . . . Robot Hit Streak 10 | 3 7 10 . 5 Robot Miss Streak 7 | 2 5 7 . 5 Penetration Max . | . . . . . Secondary Targets 3 | . 3 . . . Max Gunslinging Chain 1 | . 1 . . . Shots Hit Robots 109 | 9 61 30 . 9 Core Hits 66 | . 30 29 . 7 Critical Kills 1 | . . 1 . . Critical Parts Destroyed 2 | 1 1 . . . Critical Strikes 3 | 1 1 1 . . Meltdown 1 | . . 1 . . Destroy 2 | 1 1 . . . Melee Attacks . | . . . . . Impact . | . . . . . Slashing . | . . . . . Piercing . | . . . . . Sneak Attacks . | . . . . . Combat Hostiles . | . . . . . Follow-up Attacks . | . . . . . Damage Inflicted 1741 | 90 737 680 . 234 Guns 674 | 90 561 23 . . Cannons 1062 | . 176 652 . 234 Explosions . | . . . . . Melee . | . . . . . Ramming 5 | . . 5 . . Kinetic 1126 | 90 561 316 . 159 Thermal 610 | . 176 359 . 75 Explosive . | . . . . . Electromagnetic . | . . . . . Impact . | . . . . . Slashing . | . . . . . Piercing . | . . . . . Highest Corruption . | . . . . . Average Corruption . | . . . . . Corruption Purged . | . . . . . Corruption Blocked . | . . . . . Overload Shots . | . . . . . Overflow Damage 18 | . . 2 . 16 Projectiles 18 | . . 2 . 16 Explosions . | . . . . . Melee . | . . . . . Knockbacks 11 | . . 10 . 1 Impact . | . . . . . Kinetic 9 | . . 8 . 1 Secondary 2 | . . 2 . . Self-Inflicted Damage . | . . . . . Shots . | . . . . . Rammed 2 | . . 2 . . Targets Rammed 2 | . . 2 . . Kicked . | . . . . . Crushed . | . . . . . Highest Temperature 390 | . 102 327 . 390 Average Temperature 87 | . 25 102 . 253 Received Heat Transfer 354 | . 180 102 . 72 Siege Activations . | . . . . . Robots Corrupted . | . . . . . Combat Hostiles . | . . . . . Parts Fried . | . . . . . Impact Corruptions . | . . . . . Robots Melted 1 | . . 1 . . Combat Hostiles . | . . . . . Parts Melted 2 | . 2 . . . Heat Transferred 1036 | . 370 555 . 111 Parts Sabotaged . | . . . . . Parts Stolen . | . . . . . Parts Stripped . | . . . . . Power Chain Reactions . | . . . . . Alert | -11 -10 -10 -10 -9 ------- Run | Yrd Mat Min Exi Min Peak Influence 262 | . 262 73 . 23 Initial 34 | . . 34 . . Average 53 | . 102 26 . 10 Maximum Alert Level 1 | . 1 . . . Low Security (%) 95 | 100 86 100 . 100 Level 1 4 | . 13 . . . Level 2 . | . . . . . Level 3 . | . . . . . Level 4 . | . . . . . Level 5 . | . . . . . High Security . | . . . . . Max Security . | . . . . . Squads Dispatched 3 | . 2 1 . . Investigation 1 | . . 1 . . Extermination . | . . . . . Reinforcement 2 | . 2 . . . Assault . | . . . . . Garrison . | . . . . . Intercept . | . . . . . Searches Triggered . | . . . . . Construction Impeded . | . . . . . Haulers Reinforced . | . . . . . Active Scanning Responses . | . . . . . Cargo Convoy Interrupts . | . . . . . Stealth | -11 -10 -10 -10 -9 --------- Run | Yrd Mat Min Exi Min Distress Signals 1 | . 1 . . . Communications Jammed . | . . . . . Distress Signals . | . . . . . Times Spotted 33 | . 23 7 . 3 Peak Tracking Total 7 | . 7 3 . 2 Tactical Retreats 2 | . 2 . . . Traps | -11 -10 -10 -10 -9 ------- Run | Yrd Mat Min Exi Min Traps Triggered 3 | . 3 . . . Indirectly . | . . . . . Trap Hack Attempts . | . . . . . Triggered . | . . . . . Disarmed . | . . . . . Reprogrammed . | . . . . . Reused . | . . . . . Traps Extracted . | . . . . . Installed . | . . . . . Triggered . | . . . . . Most Traps Carried 3 | . . 3 3 3 Machines | -11 -10 -10 -10 -9 ---------- Run | Yrd Mat Min Exi Min Machines Disabled 3 | . 3 . . . Max in Single Turn 1 | . 1 . . . Machines Repaired . | . . . . . Machines Dismantled . | . . . . . Machines Sabotaged . | . . . . . Overloaded Fab Kills . | . . . . . Hacking | -11 -10 -10 -10 -9 --------- Run | Yrd Mat Min Exi Min Machines Accessed 10 | . 6 2 2 . Terminals 5 | . 5 . . . Fabricators . | . . . . . Repair Stations . | . . . . . Recycling Units 1 | . 1 . . . Scanalyzers . | . . . . . Garrison Access . | . . . . . Total Hacks 12 | . 8 2 2 . Successful 9 | . 5 2 2 . Failed 3 | . 3 . . . Catastrophic 1 | . 1 . . . Database Lockouts . | . . . . . Manual 4 | . 4 . . . Terminals 7 | . 7 . . . Fabricators . | . . . . . Repair Stations . | . . . . . Recycling Units 1 | . 1 . . . Scanalyzers . | . . . . . Garrison Access . | . . . . . Terminal Hacks 6 | . 2 2 2 . Record 2 | . . . 2 . Robot Analysis 1 | . 1 . . . Open Door 2 | . . 2 . . Unreport Threat 1 | . 1 . . . Fabricator Hacks . | . . . . . Repair Station Hacks . | . . . . . Recycling Unit Hacks 1 | . 1 . . . Report Inventory 1 | . 1 . . . Scanalyzer . | . . . . . Garrison Access Hacks . | . . . . . Unauthorized Hacks 2 | . 2 . . . Terminals 2 | . 2 . . . Assimilate 1 | . 1 . . . Operators 1 | . 1 . . . Fabricators . | . . . . . Repair Stations . | . . . . . Recycling Units . | . . . . . Scanalyzers . | . . . . . Garrison Access . | . . . . . Data Cores Recovered . | . . . . . Used . | . . . . . Hacking Detections 4 | . 4 . . . Full Trace Events . | . . . . . Feedback Events . | . . . . . Feedback Blocked . | . . . . . Robot Schematics Acquired . | . . . . . Robots Built . | . . . . . Authchips . | . . . . . Time . | . . . . . Total Robot Build Rating . | . . . . . Part Schematics Acquired . | . . . . . Parts Built . | . . . . . Authchips . | . . . . . Time . | . . . . . Total Part Build Rating . | . . . . . Parts Repaired . | . . . . . Time . | . . . . . Parts Recycled . | . . . . . Recycled Matter . | . . . . . Retrieved Matter . | . . . . . Retrieved Components . | . . . . . Parts Scanalyzed . | . . . . . Part Schematics Acquired . | . . . . . Parts Damaged . | . . . . . Bothacking | -11 -10 -10 -10 -9 ------------ Run | Yrd Mat Min Exi Min Used RIF Installer . | . . . . . Robots Hacked . | . . . . . Non-combat . | . . . . . Combat . | . . . . . Robot Hacks Applied . | . . . . . Relay Couplers Released . | . . . . . Fabnet Peak Effective % . | . . . . . Robots Rewired . | . . . . . Allies Hacked . | . . . . . Hacks Repelled . | . . . . . Allies | -11 -10 -10 -10 -9 -------- Run | Yrd Mat Min Exi Min Total Allies 1 | . . 1 . . Largest Group 1 | . . 1 1 . Highest-Rated Group 31 | . . 31 31 . Highest-Rated Ally 31 | . . 31 31 . Total Orders . | . . . . . Ally Attacks . | . . . . . Total Damage . | . . . . . Kills . | . . . . . Allies Corrupted . | . . . . . Allies Melted . | . . . . . Intel | -11 -10 -10 -10 -9 ------- Run | Yrd Mat Min Exi Min Robot Analysis Total 1 | . 1 . . . Derelict Logs Recovered 1 | . . 1 . . Drone Launches . | . . . . . Drone Recoveries . | . . . . . Exploration | -11 -10 -10 -10 -9 ------------- Run | Yrd Mat Min Exi Min Turns Passed 3797 | 107 1156 1839 624 71 Spaces Moved 1752 | 57 645 764 261 25 Core 7 | 7 . . . . Treads 1197 | 5 155 764 261 12 Legs 535 | 45 490 . . . Wheels 13 | . . . . 13 Hover . | . . . . . Flight . | . . . . . Fastest Speed 50 | 50 120 160 240 130 Average Speed 191 | 114 139 224 240 182 Slowest Speed 240 | 160 190 240 240 240 Overloaded Moves . | . . . . . Propulsion Burnouts . | . . . . . Robots Hopped . | . . . . . Cave-ins Triggered . | . . . . . Exploration Rate (%) 54 | 4 93 98 69 6 Regions Visited 4 Branch Regions 3 Pre-discovered Areas . | . . . . . Known Exits Taken . | . . . . . Unknown Exits Taken 4 | 1 1 1 1 . Scrap Searched 1 | . . 1 . . Spaces Dug . | . . . . . Terrain Destroyed 11 | . . 7 . 4 Melee . | . . . . . Projectile 11 | . . 7 . 4 AOE . | . . . . . Terrain Rammed . | . . . . . Walls Destroyed . | . . . . . Machines Disabled . | . . . . . Actions | -11 -10 -10 -10 -9 --------- Run | Yrd Mat Min Exi Min Total 2029 | 83 807 843 260 36 Wait 87 | 7 56 21 . 3 Move 1748 | 56 644 763 260 25 Hop . | . . . . . Pick Up 37 | 5 16 16 . . Fast Attach 15 | 7 7 1 . . Attach 2 | . 1 . . 1 Detach 1 | 1 . . . . Swap 14 | . 11 3 . . Drop 34 | . 20 14 . . Fire 89 | 7 52 23 . 7 Melee . | . . . . . Ram . | . . . . . Kick . | . . . . . Crush 2 | . . 2 . . Escape Stasis . | . . . . . Rewire . | . . . . . Trap . | . . . . . Miscellaneous . | . . . . . Route ------- -11/Scrapyard -10/Materials (discovered 5 exits: [*Mat x3] / *Min x2) -10/Mines (discovered 4 exits: [*Mat x2] / *Exi / Sub) -10/Exiles -9/Mines History --------- Turn | Location | Event 9 | -11/Scrapyard | Discovered new exit (range 13) 108 | -11/Scrapyard | Entered Materials 118 | -10/Materials | Discovered new exit (range 16) 293 | -10/Materials | Discovered new exit (range 5) 322 | -10/Materials | Build established: Mutant 618 | -10/Materials | Discovered new exit (range 5) 820 | -10/Materials | Discovered new exit (range 14) 883 | -10/Materials | Discovered new exit (range 16) 908 | -10/Materials | Derelicts attacked the area 1264 | -10/Materials | Entered Mines 1282 | -10/Mines | Met a Derelict bent on vengeance 1416 | -10/Mines | Met a Derelict shopkeep closing up shop 1660 | -10/Mines | Found a hidden stash of uninstalled traps 1717 | -10/Mines | Identified exit to Subcaves 2099 | -10/Mines | Discovered new exit (range 14) 2116 | -10/Mines | Discovered new exit (range 5) 2160 | -10/Mines | Found the Drone Emporium 2173 | -10/Mines | Found Prototype Device 2834 | -10/Mines | Escorted by a lone wolf Derelict 3093 | -10/Mines | Deemed a non-threat by the Exiles lab entrance 3093 | -10/Mines | Discovered new exit (range 5) 3103 | -10/Mines | Entered Exiles 3103 | -10/Exiles | Found Exiles lab abandoned 3103 | -10/Exiles | Accompanied by 1 ally 3701 | -10/Exiles | Discovered new exit (range 14) 3727 | -10/Exiles | Entered Mines 3765 | -9/Mines | Core integrity fell below 50% 3798 | -9/Mines | Self-destructed Last Messages --------------- LOCATION=UNKNOWN GOAL=ESCAPE 03108_ 4S-R3E(g): "Wow, I didn't even know this place was down here!" 03427_ Connecting with BIN's Terminal... 03427_ Current location identified: Exiles >>Record "BIN-BYE" To the spacelab! 03610_ Connecting with EX-Message Board... >>Record "MSG999999-FU" MAIN.C you're pretty crappy as far as evil overlords go. Imprinter is probably going to wreck your life and you're too stupid to see it coming. 03701_ EXIT=FOUND LOCATION=UNKNOWN GOAL=ESCAPE 03765_ Destroyed Melee Analysis Suite. 03765_ G-34 Mercenary destroyed. 03772_ Lgt. Treads severed. 03786_ Destroyed Heat Sink. 03795_ G-34 Mercenary knocked back. Map ----- +----------------------------------------------------+ | | | | | | | | | | | | | | | | | | | | | | | | | | | | | | | | | | | ?????????????????????????????????????????????????? | | ?????????????????????????????????????????????????? | | ?????????????????????????????????????????????????? | | ?????????????????????????????????????????????????? | | ?????????????????????????########????????????????? | | ????????????????????????## ?????????????????? | | ???????????????????????## ???????????????????? | | ???????????????????????# #????????????????????? | | ???????????????????????# @ #????????????????????? | | ???????????????????###### l ;#???????????????????? | | ???????????????????? ?## ##??????????????????? | | ?????????????????????# #### ##?????????????????? | | ?????????????????????# g ##????????????????? | | ?????????????????????# #????????????????? | | ?????????????????????### ##### ##????????????????? | | ???????????????????????# #######?????????????????? | | ???????????????????????# ==#???????????????????? | | ???????????????????????#####%! #?????????????????? | | ???????????????????????????# "##?????????????????? | | ???????????????????????????# ##??????????????????? | | ??????????????????????????? ???????????????????? | | ???????????????????????????" "???????????????????? | | ???????????????????????????" "???????????????????? | | ???????????????????????????" "???????????????????? | | ?????????????????????????? ??????????????????? | | ??????????????????????????"" ""??????????????????? | | ???????????????????????????" "???????????????????? | | ???????????????????????????" "???????????????????? | | ???????????????????????????? ????????????????????? | | ????????????????????????????#????????????????????? | | ?????????????????????????????????????????????????? | | ?????????????????????????????????????????????????? | | ?????????????????????????????????????????????????? | +----------------------------------------------------+ Best States ------------- Heat Dissipation 25 Energy Generation 18 Energy Capacity 265 Matter Stores 300 Matter Capacity 300 Sight Range 16 Terrain Scan Density 10 Armor Coverage 150 Evasion (%) 55 Recoil Reduction 2 Item Schematics ----------------- None Robot Schematics ------------------ None Fabricated ------------ Nothing Alien Tech Used ----------------- None Achievements -------------- None Challenges ------------ None Game ------ Seed AbsorptionOpticalSpoofer Manual? 0 Play Time 00:26:22 Cumulative 70.3 hours Start 2024.05.18 @ 08:49:15 End 2024.05.18 @ 09:56:50 Sessions 1 Manual Loads 0 Difficulty Rogue Special Mode None Game No. 46 Rogue 46 Adventurer 0 Explorer 0 Win Type - Total 1 Types 1/0/0/0/0/0/0/0/0 Lore% 34 Gallery% 46 Achievement% 33 Wizard Run 0 Options --------- Layout 0 ASCII 0 Keyboard 1 Movement Numpad Keybinds 0 Fullscreen 1 Font 24/Proggy Map View 76x56 Zoom Use 0% Tactical HUD 1 Map Filters NONE Filters NONE Steam 1 RUN: a673ec65-5844-484c-841d-da8d09b07c30